 Dungeon Crawl Stone Soup version 0.32-a0-132-g2d33c3cfaf (webtiles) character file.

Game seed: 9152342029719510302

42 Bravepunisher the Ducker (level 3, -5/19 HPs)
             Began as a Spriggan Monk on Feb 9, 2024.
             Slain by a phantom (7 damage)
             ... on level 5 of the Dungeon.
             The game lasted 00:04:03 (751 turns).

Bravepunisher the Ducker (Spriggan Monk)             Turns: 751, Time: 00:04:03

Health: -5/19      AC:  3    Str:  7    XL:     3   Next: 35%
Magic:  4/4        EV: 20    Int: 11    God:
Gold:   30         SH:  0    Dex: 19    Spells: 2/2 levels left

rFire   . . .        a - +0 short sword
rCold   . . .        (no shield)
rNeg    . . .        b - +0 robe
rPois   .            e - +1 hat
rElec   .            (no cloak)
rCorr   .            (gloves unavailable)
SInv    +            (boots unavailable)
Will    .....        (no amulet)
Stlth   ++           (no ring)
HPRegen 0.23/turn    (no ring)
MPRegen 0.09/turn

%: no passive effects
@: very quick
A: very small, no large weapons, unfitting armour, see invisible, speed 3
a: no special abilities


You were on level 5 of the Dungeon.
You visited 1 branch of the dungeon, and saw 6 of its levels.

You collected 30 gold pieces.

Inventory:

Hand Weapons
 a - a +0 short sword (weapon)
Armour
 b - a +0 robe (worn)
 e - a +1 hat (worn)
Wands
 c - a wand of roots (7)


   Skills:
 + Level 2.9 Fighting
 - Level 3.2 Short Blades
 * Level 5.4 Dodging


You had 2 spell levels left.
You didn't know any spells.
Your spell library was empty.

Dungeon Overview and Level Annotations

Branches:
Dungeon (6/15)
 Temple: D:4-7

Altars:

Shops:
D:5 !

Portals:
Sewer: D:5


Innate Abilities, Weirdness & Mutations

You are very small and have problems with some larger weapons.
You are too small for most types of armour.
You have supernaturally acute eyesight. (SInv)
You cover ground extremely quickly. (Speed+++)


Message History

The phantom is lightly damaged.
The water moccasin zombie closely misses you.
The phantom closely misses you.
You closely miss the phantom.
The phantom is lightly damaged.
The water moccasin zombie closely misses you.
The phantom barely misses you.
You hit the phantom.
The phantom is moderately damaged.
The water moccasin zombie completely misses you.
You barely miss the water moccasin zombie.
The phantom completely misses you.
The water moccasin zombie barely misses you.
You barely miss the phantom.
The phantom is moderately damaged.
The phantom closely misses you.
You hit the phantom.
The phantom is lightly damaged.
The phantom barely misses you.
You barely miss the phantom.
The phantom is moderately damaged.
The phantom completely misses you. The phantom hits you.
You barely miss the phantom.
The phantom is lightly damaged.
The phantom completely misses you. The phantom misses you.
You hit the phantom but do no damage.
The phantom is moderately damaged.
You hit the phantom but do no damage.
The phantom is moderately damaged.
The phantom closely misses you.
The phantom hits you but does no damage.
You hit the phantom but do no damage. The phantom misses you.
The phantom barely misses you.
You hit the phantom.
You punch the phantom, but do no damage.
The phantom is heavily damaged.
The phantom hits you. x2
* * * LOW HITPOINT WARNING * * *
You hit the phantom but do no damage. The phantom hits you!
You die...

...... ..........#
.........# ........#
.......# .oW...
####.#..####### #
####.W).##.#oW@Wo#
###....##...oho###Z#
.h..########.### #Z#
##### #...# #ยง#
#.#.####.#
#.#..Z...#
#.#.###### #.#.#
#.#.#


You could see 2 phantoms, a howler monkey, 4 orcs and a howler monkey zombie.

Vanquished Creatures
  A hound (D:4)
  An orc (D:5)
  2 endoplasms (D:1)
  2 giant cockroaches
  A goblin (D:4)
  A hobgoblin (D:4)
  3 kobolds
  A ball python (D:3)
12 creatures vanquished.

Notes
Turn   | Place    | Note
-------+----------+-------------------------------------------
     0 | D:1      | Bravepunisher the Spriggan Monk began the quest for the
                  | Orb.
     0 | D:1      | Reached XP level 1. HP: 11/11 MP: 2/2
   179 | D:4      | Noticed an ogre
   195 | D:4      | Reached XP level 2. HP: 15/16 MP: 3/3
   201 | D:4      | Noticed a howler monkey
   252 | D:5      | Entered Level 5 of the Dungeon
   252 | D:5      | Noticed a phantom
   261 | D:5      | Found a glowing drain.
   262 | D:5      | Noticed an ice beast
   272 | D:5      | Noticed a phantom
   272 | D:5      | Noticed a howler monkey
   351 | D:4      | Reached skill level 5 in Dodging
   351 | D:4      | Reached XP level 3. HP: 14/19 MP: 4/4
   471 | D:4      | Noticed a phantom
   644 | D:5      | Noticed an ice beast
   711 | D:5      | Found Xocoqo's Distillery.
   712 | D:5      | Noticed a phantom
   751 | D:5      | Slain by a phantom

Illustrated notes

Levels and vault maps discovered:
D:1:      dpeg_chamrin_arrival_tetris, layout_loops_ring, minmay_misc_feat_tower
D:2:      cheibrodos_old_hovel, layout_rooms, uniq_natasha, uniq_sigmund
D:3:      layout_basic, nicolae_qazlal_eye_of_the_storm,
          hangedman_abyss_or_decor_lesser_grid, minmay_gold_behind_fungi
D:4:      layout_basic, kennysheep_generic_room_4
D:5:      layout_basic, tgw_sif, nzn_wu_jian_council_hall,
          gup_sewer_entry_glass, serial_undead, serial_undead_d,
          serial_undead_f, serial_undead_d, serial_undead_d, serial_shops,
          nicolae_shop_crystal
D:6:      layout_loops_cross, minmay_temple_entry_proselytizer, serial_shops,
          nicolae_shop_advertising_works [nicolae_subvault_shop_adworks],
          nicolae_shop_scrapyard, shop, shop, uniq_edmund

Skill      XL: |  1  2 |
---------------+-------+-----
Dodging        | 5 |  5.4
Fighting       | |  2.9
Short Blades   | |  3.2

Action                     || total
---------------------------++-------
  Melee: Short sword       ||    62
         Punch             ||     3
    Use: Potion            ||     1
         Scroll            ||     1
   Stab: Sleeping          ||     2
 Armour: Robe              ||    20
  Dodge: Dodged            ||    63

Table legend: (Time is in decaauts)
 A = Elapsed time spent in this place.
 B = Non-inter-level travel time spent in this place.
 C = Inter-level travel time spent in this place.
 D = Time resting spent in this place.
 E = Time spent auto-exploring this place.
 F = Levels seen in this place.
 G = Mean time per level.
                   A        B        C        D        E       F      G
               +--------+--------+--------+--------+--------+-----+--------+
         Total |    490 |    490 |      0 |      0 |    101 |   6 |   81.7 |
       Dungeon |    490 |    490 |      0 |      0 |    101 |   6 |   81.7 |
               +--------+--------+--------+--------+--------+-----+--------+

Top non-repeatable levels by time:
     D:4: 264 daAuts
     D:5: 100 daAuts
     D:1: 73 daAuts
     D:3: 38 daAuts
     D:6: 9 daAuts
     D:2: 4 daAuts
